cohdb
Replays
Latest Replays
All Replays
Popular Replays
Top Player Replays
Match Explorer
How It Works
Community
CoH3 Stats
Reddit
Sign in to upload your games and track your stats! →
Sign in with Steam
Match 42175756
Unlisted
Match 42175756
Overview
Messages
Build Orders
End
Selects Luftwaffe Battlegroup
Selects Luftwaffe Pioneer Support
Fallschirmpioneer Squad Paradrop
Construct Infanterie Kompanie
Grenadier Squad
MG 42 Machine Gun Team
GrW 34 Mortar Team
Construct Luftwaffe Kompanie
Flak 30 Anti-aircraft Gun Team
Selects Stuka Strafing Run
Selects LG40 Recoilless Gun Paradrop
Jäger Squad
sunshine on leith
MZMZ
Clara
jerjawe
机会来了,小渡!必~胜!登~龙~剑~!
Borguez
Cuttysark
YangXYZ
0
0
Comments
sign in to comment!
No comments posted yet!